 Dungeon Crawl Stone Soup version 0.15.0-11-g6f4f891 (webtiles) character file.

97 RobertPalmer the Caller (level 4, -5/27 HPs)
             Began as an Octopode Summoner on Aug 31, 2014.
             Slain by an orc
             ... wielding a +0 hand axe
              (7 damage)
             ... on Level 3 of the Dungeon.
             The game lasted 00:07:29 (2605 turns).

RobertPalmer the Caller (Octopode Summoner)         Turns: 2605, Time: 00:07:29

HP  -5/27        AC  1     Str  7      XL: 4   Next: 68%
MP   3/7         EV 12     Int 18      God:
Gold 121         SH  0     Dex 12      Spells:  2 memorised,  4 levels left

rFire  . . .     SeeInvis .     p - +1 dagger (drain)
rCold  . . .     Clarity  .     (no shield)
rNeg   . . .     rCorr    .     (helmet restricted)
rPois  .         rRot     .     (no amulet)
rElec  .         Spirit   .     h - ring of flight
SustAb .         Warding  .     (no ring)
rMut   .         Stasis   .     (no ring)
Gourm  .                        (no ring)
MR     .....                    (no ring)
                                (no ring)
                                (no ring)
                                (no ring)

@: not resistant to hostile enchantments, fairly stealthy
A: almost no armour, amphibious, 8 rings, constrict 8, camouflage 1, gelatinous
body 1
a: Evoke Flight


You were on level 3 of the Dungeon.
You were not hungry.

You visited 1 branch of the dungeon, and saw 3 of its levels.

You collected 121 gold pieces.


Innate Abilities, Weirdness & Mutations

You cannot wear most types of armour.
You are amphibious.
You can wear up to eight rings at the same time.
You can use your tentacles to constrict many enemies at once.
Your skin changes colour to match your surroundings (Stealth).
Your rubbery body absorbs attacks (AC +1).


   Skills:
 - Level 2.0 Dodging
 - Level 2.6 Stealth
 - Level 2.0 Spellcasting
 + Level 5.9 Summonings


You had 4 spell levels left.
You knew the following spells:

 Your Spells              Type           Power        Failure   Level  Hunger
x - Call Imp              Summ           ###.....     2%          2    ##.....
z - Summon Small Mammal   Summ           ###.         1%          1    #......

Inventory:

Hand weapons
 p - a +1 dagger of draining (weapon)
Missiles
 k - a throwing net (quivered)
Comestibles
 c - 2 bread rations
 n - a royal jelly
 r - a chunk of bat flesh {@*1}
Scrolls
 d - a scroll of immolation {unknown}
 e - a scroll of blinking {unknown}
 f - 2 scrolls of magic mapping
 o - a scroll of recharging {unknown}
Jewellery
 h - a ring of flight (left tentacle)
Potions
 a - 2 potions of curing {unknown}
 g - 2 potions of flight {unknown}
 i - a potion of mutation {unknown}
 j - a potion of cancellation {unknown}
 l - a potion of heal wounds {unknown}
 m - a potion of cure mutation {unknown}
Books
 b - a book of Callings

Dungeon Overview and Level Annotations

Branches:
Dungeon (3/15)

Altars:

#.##.##.# ###..##......
#.##.##.# #.........#
#.##.##.#####..####.#.#
#.##.##.............#.#
#.##...........######.#
#.##..###......# #.#
#.##.. #.###..######.#
#.##..###.###..........
#.##.5@......[.######.#
#.....o##.###..#### #.#
#####....#......... ..#
#.###.############# #.
#.# #. #.# #.
#.########## #.
#.....).oo.# #.
##########.#


You could see an orc and a friendly crimson imp.


Message History

Your white imp gestures at the orc priest.
The puff of frost hits the orc priest.
Unknown command.
Something hits your white imp.
Unknown command.
The orc hits something.
The orc hits your crimson imp with a flail!
You see here a club.
There is a stone staircase leading up here.
You start resting.
Eating a chunk of worm flesh {@*1}.
A beastly little devil appears in a puff of flame.
The orc barely misses you.
Your rat bites the orc.
You hit the orc.
You kill the orc!
The orc complains noisily.
The orc hits you with a hand axe.
* * * LOW HITPOINT WARNING * * *
You hit the orc but do no damage. You drain the orc!
The orc is severely wounded.
You barely miss the orc.
The orc is severely wounded.
The orc hits your rat with a hand axe.
Your rat dies!
The orc hits your crimson imp with a hand axe.
The orc hits you with a hand axe!
* * * LOW HITPOINT WARNING * * *
You hit the orc but do no damage. You grab the orc.
The orc is severely wounded.
The orc hits you with a hand axe!
You die...

Action                   |  1- 3 |  4- 6 || total
-------------------------+-------+-------++-------
Melee: Unarmed           |    18 |       ||    18
       Hand axe          |    36 |    22 ||    58
       Dagger            |       |    13 ||    13
 Cast: Summon Small Mamm |    16 |     4 ||    20
       Call Imp          |     6 |    13 ||    19
  Use: Scroll            |     6 |     1 ||     7
 Stab: Sleeping          |     2 |     5 ||     7
       Distracted        |     1 |     1 ||     2
  Eat: Chunk             |     2 |     5 ||     7

Vault maps used:
D:1:      minmay_arrival_doors
D:2:      grunt_ministairs_1, uniq_jessica
D:3:      first_bread, minivault_5

Notes
Turn   | Place    | Note
--------------------------------------------------------------
     0 | D:1      | RobertPalmer, the Octopode Summoner, began the quest for the Orb.
     0 | D:1      | Reached XP level 1. HP: 11/11 MP: 3/3
   425 | D:1      | Reached XP level 2. HP: 10/17 MP: 2/4
  1196 | D:1      | Learned a level 2 spell: Call Imp
  1257 | D:1      | Reached skill level 5 in Summonings
  1257 | D:1      | Reached XP level 3. HP: 19/21 MP: 4/6
  1392 | D:2      | Noticed Jessica
  1402 | D:2      | Killed Jessica
  1588 | D:2      | Reached XP level 4. HP: 27/27 MP: 0/7
  2604 | D:3      | HP: 2/27 [orc/hand axe (8)]
  2605 | D:3      | Slain by an orc

Vanquished Creatures
  2 giant geckos
  An ooze (D:1)
  2 orcs (D:3)
  7 bats
  2 giant cockroaches
  5 kobolds
  3 giant newts
  9 goblins
  9 rats
40 creatures vanquished.

Vanquished Creatures (collateral kills)
  A crimson imp (D:1)
  Jessica (D:2)
  2 adders (D:2)
  2 worms
  A giant gecko (D:1)
  An ooze (D:2)
  A ball python (D:1)
  A hobgoblin (D:2)
  2 kobolds (D:1)
  A rat (D:3)
13 creatures vanquished.

Vanquished Creatures (others)
  A white imp (D:3)
  2 bats (D:1)
  2 quokkas (D:1)
  3 rats
8 creatures vanquished.

Grand Total: 61 creatures vanquished
